 Dungeon Crawl Stone Soup version 0.22.0-27-ga576289 (webtiles) character file.

13535 Monsterracer the Grappler (level 11, -1/124 HPs)
             Began as a Troll Conjurer on Aug 22, 2018.
             Succumbed to Nergalle's poison
             ... on level 2 of the Lair of Beasts.
             The game lasted 00:26:57 (10765 turns).

Monsterracer the Grappler (Troll Conjurer)         Turns: 10765, Time: 00:26:57

Health: -1/124     AC:  7    Str: 23    XL:     11   Next: 76%
Magic:  11/11      EV: 10    Int: 11    God:    Xom [.*....]
Gold:   685        SH:  0    Dex: 11    Spells: 12/12 levels left

rFire    . . .     SeeInvis .     - Unarmed
rCold    . . .     Gourm    +   (no shield)
rNeg     . . .     Faith    .   a - +1 robe
rPois    .         Spirit   .   (helmet restricted)
rElec    .         Reflect  .   D - +0 cloak (curse)
rCorr    .         Harm     .   (gloves unavailable)
MR       .....                  (boots unavailable)
Stlth    +.........             (no amulet)
HPRegen  0.70/turn              F - +3 ring of slaying
MPRegen  0.12/turn              u - +5 ring of strength

@: lethally poisoned (-1 -> -25), drained
A: large, unfitting armour, antennae 1, claws 3, blurry vision 1, clumsy 1, fast
metabolism 3, gourmand, regeneration 1, robust 1, shaggy fur 1, tough skin 2
a: Renounce Religion


You were on level 2 of the Lair of Beasts.
You worshipped Xom.
You were a plaything of Xom.
You were full.

You visited 3 branches of the dungeon, and saw 11 of its levels.
You also visited: Ossuary.

You collected 685 gold pieces.

Inventory:

Missiles
 v - 3 throwing nets (quivered)
 y - 2 large rocks
 C - 6 tomahawks
Armour
 a - a +1 robe (worn)
 D - a cursed +0 cloak (worn)
Jewellery
 f - an uncursed ring of protection from fire {!d}
 i - an uncursed ring of ice
 q - an uncursed ring of flight
 u - a +5 ring of strength (right claw)
 F - a +3 ring of slaying (left claw)
Wands
 l - a wand of clouds (6)
 w - a wand of paralysis (6)
 E - a wand of flame (36)
Scrolls
 d - 5 scrolls of fear {!r}
 g - 5 scrolls of magic mapping {!r}
 r - 2 scrolls of remove curse
 A - 3 scrolls of teleportation {!r}
Potions
 b - a potion of brilliance
 e - 3 potions of haste
 h - 4 potions of curing
 j - a potion of berserk rage {!q}
 k - a potion of agility
 m - a potion of magic
 n - a potion of might
 o - 4 potions of lignification
 p - 2 potions of cancellation
 s - 3 potions of heal wounds
 t - 2 potions of flight
 x - 2 potions of mutation {!q}
 z - 3 potions of ambrosia {!q}
 B - a potion of invisibility {unknown}
Comestibles
 c - 23 rations


   Skills:
 + Level 8.4(7.3) Fighting
 + Level 6.6(5.5) Throwing
 + Level 3.2(2.2) Dodging
 - Level 1.0(0.1) Stealth
 * Level 13.6(12.3) Unarmed Combat
 - Level 1.2(0.3) Spellcasting
   Level 2.9(2.0) Conjurations


You had 12 spell levels left.
You didn't know any spells.
Your spell library contained the following spells:

 Spells                   Type           Power        Failure   Level  Hunger
 Magic Dart               Conj           #...         16%         1    ##.....
 Flame Tongue             Conj/Fire      #....        22%         1    ##.....
 Sting                    Conj/Pois      #...         22%         1    ##.....
 Searing Ray              Conj           #.....       22%         2    ###....
 Throw Flame              Conj/Fire      #.....       34%         2    ###....
 Poisonous Vapours        Pois/Air       #.....       45%         2    ###....
 Conjure Flame            Conj/Fire      #.......     56%         3    ####...
 Dazzling Spray           Conj/Hex       #.....       56%         3    ####...
 Mephitic Cloud           Conj/Pois/Air  #.......     61%         3    ####...
 Inner Flame              Hex/Fire       #.......     71%         3    ####...
 Iskenderun's Mystic Bla  Conj           #.......     83%         4    #####..
 Force Lance              Conj/Tloc      #.......     92%         4    #####..
 Fulminant Prism          Conj/Hex       #.........   92%         4    #####..
 Sticky Flame             Conj/Fire      #.......     92%         4    #####..
 Olgreb's Toxic Radiance  Pois           #.......     98%         4    #####..
 Fireball                 Conj/Fire      #.........   99%         5    ######.
 Venom Bolt               Conj/Pois      #.........   99%         5    ######.


Dungeon Overview and Level Annotations

Branches:
Dungeon (8/15)             Temple (1/1) D:7            Lair (2/6) D:8
  Swamp: Lair:2-4    Shoals: Lair:2-4     Snake: Lair:2-4    Spider: Lair:2-4

Altars:
Cheibriados
Dithmenos
Elyvilon
Fedhas
Gozag
Hepliaklqana
Kikubaaqudgha
Makhleb
Qazlal
Ru
Sif Muna
Uskayaw
Vehumet
Wu Jian
Xom
Yredelemnul
Zin
The Shining One

Annotations:
Lair:2 Nergalle


Innate Abilities, Weirdness & Mutations

You are too large for most types of armour.
You have claws for hands.
Your metabolism is lightning-fast.
You like to eat raw meat.
Your natural rate of healing is unusually fast.
You are covered in fur. (AC +1)
You have very tough skin. (AC +2)
You have a pair of small antennae on your head.
Scrolls take you a little longer to read.
You are clumsy. (Dex -2)
You are robust. (+10% HP)


Message History

You feel sick.
The spectral orc warrior hits you but does no damage. x2
You take 1 damage, and have 47/124 hp.
You mangle the spectral orc warrior!!
You destroy the spectral orc warrior!
You feel sick. Nergalle hits you but does no damage.
You take 2 damage, and have 45/124 hp.
You feel very sick.
The spectral orc warrior hits you but does no damage.
Nergalle hits you with a dagger of venom.
* * * LOW HITPOINT WARNING * * *
You are more poisoned.
You take 7 damage, and have 38/124 hp.
You feel very sick. The spectral orc warrior misses you.
You take 4 damage, and have 34/124 hp.
You scratch the spectral orc warrior but do no damage.
You feel very sick.
The spectral orc warrior barely misses you.
Nergalle gestures at you while chanting.
Orcish apparitions take form around you.
You take 2 damage, and have 32/124 hp.
You claw the spectral orc warrior!
The spectral orc warrior is severely damaged.
You feel sick.
Nergalle gestures at you while chanting.
Orcish apparitions take form around you.
The spectral orc warrior barely misses you.
You take 2 damage, and have 30/124 hp.
You mangle the spectral orc warrior!!
You destroy the spectral orc warrior!
You feel very sick.
The spectral orc warrior hits you but does no damage.
Nergalle grimaces horribly.
Nergalle gestures at you while chanting.
The bolt of negative energy misses you.
The bolt of negative energy hits the spectral orc.
The spectral orc completely resists.
You take 2 damage, and have 28/124 hp.
You mangle the spectral orc!!
You destroy the spectral orc!
You feel sick.
The spectral orc warrior hits you but does no damage.
The spectral orc knight hits you with a long sword.
* * * LOW HITPOINT WARNING * * *
The spectral orc warrior closely misses you.
You take 3 damage, and have 25/124 hp.
You scratch the spectral orc warrior but do no damage.
You feel sick. Nergalle hits you but does no damage.
The spectral orc knight hits you but does no damage.
The spectral orc warrior hits you but does no damage.
You take 2 damage, and have 23/124 hp.
You barely miss the spectral orc warrior.
You feel very sick.
The spectral orc warrior hits you but does no damage.
Nergalle says, "THAT's why.
How awful.
You!"
Nergalle points at the spectral orc warrior and mumbles some strange words.
The spectral orc warrior seems to speed up.
You take 2 damage, and have 21/124 hp.
You scratch the spectral orc warrior.
The spectral orc warrior is lightly damaged.
You feel sick.
The spectral orc warrior hits you but does no damage.
The spectral orc knight hits you with a long sword!
* * * LOW HITPOINT WARNING * * *
You feel drained.
* * * LOW HITPOINT WARNING * * *
The spectral orc warrior hits you with a flail.
* * * LOW HITPOINT WARNING * * *
Nergalle hits you but does no damage.
You are more poisoned.
You take 13 damage, and have 8/124 hp.
You closely miss the spectral orc warrior.
The spectral orc warrior is lightly damaged.
* * * LOW HITPOINT WARNING * * *
You feel sick.
The spectral orc warrior hits you but does no damage.
Nergalle closely misses you.
The spectral orc knight hits you with a long sword.
* * * LOW HITPOINT WARNING * * *
The spectral orc warrior hits you but does no damage.
You take 3 damage, and have 5/124 hp.
Unknown command.
You mangle the spectral orc warrior!!
You destroy the spectral orc warrior!
* * * LOW HITPOINT WARNING * * *
You feel sick.
You take 2 damage, and have 3/124 hp.
Unknown command.
You mangle the spectral orc warrior!!
The spectral orc warrior is almost destroyed.
* * * LOW HITPOINT WARNING * * *
You feel sick. Nergalle hits you but does no damage.
You are more poisoned.
The spectral orc knight barely misses you.
The spectral orc warrior barely misses you.
You take 1 damage, and have 2/124 hp.
Unknown command.
You die...
Xom snickers!

..# .## ....... .. .......
... ....... ... .. .......
... . .....## ..# #....#
...# ..........
#..P####..<#. .........#
##.P@PZ....... .........##
#.....o.......
..........####..Z.........
.........#.##....###....##
.........#.P.#...# ...#
.................####...#
..................#P#....#
..#.#....................#
..####.................. <


You could see Nergalle, a spectral orc warrior and a spectral orc knight.

Vanquished Creatures
  3 death yaks (D:8)
  An orc knight (D:7)
  A guardian serpent (D:7)
  A black mamba (Lair:2)
  A spiny frog (Lair:1)
  A komodo dragon (Lair:1)
  A wind drake (D:7)
  Grinder (D:3)
  A hippogriff (Lair:1)
  5 spriggans (Lair:1)
  A wyvern (D:8)
  Sigmund (D:2)
  8 yaks
  14 wargs (D:7)
  4 water moccasins
  3 porcupines (Lair:1)
  6 orc warriors
  A black bear (D:6)
  8 ogres
  3 phantoms (D:4)
  A centaur (D:8)
  4 crocodiles
  3 big kobolds
  11 bullfrogs
  3 scorpions
  3 killer bees (D:8)
  5 wights (D:6)
  A centaur zombie (D:6)
  2 bullfrog zombies
  2 hounds
  9 orc wizards
  6 orc priests
  6 worker ants
  An iguana (D:4)
  4 mummies
  A worker ant zombie (D:8)
  A howler monkey skeleton (D:5)
  11 gnolls
  12 adders
  A shadow imp (D:7)
  4 adder zombies
  An adder skeleton (D:6)
  2 worms
  4 dart slugs
  6 leopard geckos
  48 orcs
  7 giant cockroaches
  5 goblins
  4 hobgoblins
  10 jackals
  10 kobolds
  3 quokkas
  3 ball pythons
  6 bats
  A frilled lizard (D:2)
  5 goblin zombies (Ossuary)
  3 hobgoblin zombies
  A jackal zombie (D:5)
  2 kobold zombies (Ossuary)
  2 quokka zombies (Ossuary)
  4 rats
  5 rat zombies (Ossuary)
  A plant (Lair:1)
289 creatures vanquished.

Vanquished Creatures (collateral kills)
  2 orc knights (D:7)
  An orc warrior (D:7)
  A hound (D:8)
4 creatures vanquished.

Vanquished Creatures (others)
  A spriggan (Lair:1)
  An orc (D:7)
  A fungus (Lair:1)
  5 plants
8 creatures vanquished.

Grand Total: 301 creatures vanquished

Notes
Turn   | Place    | Note
-------+----------+-------------------------------------------
     0 | D:1      | Monsterracer the Troll Conjurer began the quest for the Orb.
     0 | D:1      | Reached XP level 1. HP: 16/16 MP: 1/1
    58 | D:1      | Reached skill level 1 in Unarmed Combat
   140 | D:1      | Reached XP level 2. HP: 26/26 MP: 2/2
   385 | D:1      | Reached skill level 1 in Fighting
   385 | D:1      | Reached skill level 2 in Unarmed Combat
   780 | D:2      | Reached XP level 3. HP: 33/33 MP: 3/3
   958 | D:2      | Noticed Sigmund
   967 | D:2      | Killed Sigmund
   967 | D:2      | Reached skill level 4 in Unarmed Combat
   967 | D:2      | Reached XP level 4. HP: 25/42 MP: 4/4
   967 | D:2      | Reached XP level 5. HP: 29/49 MP: 5/5
  1589 | D:3      | Found a sacrificial altar of Ru.
  1787 | D:3      | Noticed Grinder
  1795 | D:3      | Paralysed by Grinder for 4 turns
  1796 | D:3      | HP: 23/50 [Grinder (3)]
  1798 | D:3      | HP: 11/50 [Grinder (5)]
  1800 | D:3      | Killed Grinder
  1800 | D:3      | Reached skill level 5 in Unarmed Combat
  1800 | D:3      | Reached XP level 6. HP: 9/61 MP: 6/6
  2248 | D:3      | Found a burning altar of Makhleb.
  2251 | D:3      | Found a snail-covered altar of Cheibriados.
  2277 | D:4      | Reached XP level 7. HP: 54/67 MP: 7/7
  2283 | D:4      | Reached skill level 6 in Unarmed Combat
  2425 | D:4      | Found a deep blue altar of Sif Muna.
  2578 | D:4      | Reached skill level 7 in Unarmed Combat
  2775 | D:4      | Reached XP level 8. HP: 73/78 MP: 8/8
  3255 | D:5      | Entered Level 5 of the Dungeon
  3364 | D:5      | Reached skill level 8 in Unarmed Combat
  3727 | D:5      | Found a hide-covered altar of Uskayaw.
  4106 | D:6      | Reached skill level 5 in Fighting
  4274 | D:6      | Reached skill level 9 in Unarmed Combat
  4614 | D:6      | HP: 39/80 [ogre/giant club (23)]
  4809 | D:6      | Found an ornate altar of the Wu Jian Council.
  4850 | D:6      | HP: 32/81 [ogre/giant club (24)]
  4858 | D:6      | Reached XP level 9. HP: 24/88 MP: 9/9
  5208 | D:7      | Found a blossoming altar of Fedhas.
  5240 | D:7      | Found a staircase to the Ecumenical Temple.
  5311 | Temple   | Entered the Ecumenical Temple
  5519 | Temple   | Became a worshipper of Xom of Chaos
  5576 | D:7      | Reached skill level 10 in Unarmed Combat
  5591 | D:7      | XOM: potion effect (curing)
  5607 | D:7      | XOM: harmless Hex miscast
  5645 | D:7      | Found a sand-covered staircase.
  5658 | Ossuary  | Entered an ossuary
  5939 | D:7      | HP: 43/89 [big kobold/short sword (4)]
  5943 | D:7      | HP: 20/89 [gnoll/whip (6)]
  5946 | D:7      | HP: 6/89 [gnoll/spear (8)]
  5960 | D:7      | HP: 11/89 [gnoll/stone (2)]
  6107 | D:7      | Found a glowing silver altar of Zin.
  6108 | D:7      | Found a hazy altar of Hepliaklqana.
  6149 | D:7      | Found a white marble altar of Elyvilon.
  6212 | D:7      | XOM: potion effect (curing)
  6221 | D:7      | XOM: potion effect (brilliance)
  6227 | D:7      | Reached skill level 11 in Unarmed Combat
  6299 | D:7      | Noticed an orc knight
  6300 | D:7      | XOM: potion effect (brilliance)
  6307 | D:7      | XOM: harmless Chrm miscast
  6326 | D:7      | XOM: cast spell 'Summon Hydra'
  6331 | D:7      | Killed an orc knight
  6412 | D:7      | XOM: divination: magic mapping
  6460 | D:7      | XOM: enchant monster (good)
  6460 | D:7      | Noticed an orc knight
  6479 | D:7      | Noticed an orc knight
  6481 | D:7      | Reached XP level 10. HP: 90/100 MP: 10/10
  6487 | D:7      | XOM: enchant monster (good)
  6498 | D:7      | XOM: noise
  6499 | D:7      | XOM: summons friendly shadow imp
  6505 | D:7      | XOM: harmless Fire miscast
  6604 | D:7      | XOM: medium Ice miscast
  6628 | D:7      | XOM: give mutations
  6628 | D:7      | Gained mutation: You have a pair of small antennae on your head. [Xom's grace]
  6628 | D:7      | Gained mutation: You are robust. (+10% HP) [Xom's grace]
  6675 | D:7      | Reached skill level 12 in Unarmed Combat
  6804 | D:7      | XOM: god gift: 26 arrows
  6820 | D:7      | Noticed an orc knight
  6844 | D:7      | XOM: polymorph orc -> quokka
  6856 | D:7      | Killed an orc knight
  6954 | D:7      | Killed an orc knight
  7072 | D:7      | HP: 52/112 [orc knight/bolt (23)]
  7102 | D:7      | XOM: enchant monster (good)
  7107 | D:7      | Noticed a guardian serpent
  7107 | D:7      | an orc knight changed into a guardian serpent
  7107 | D:7      | XOM: polymorph orc knight -> guardian serpent
  7120 | D:7      | Killed a guardian serpent
  7156 | D:7      | Noticed an orc knight
  7256 | D:6      | XOM: scenery: create altars
  7307 | D:7      | XOM: scenery: 1 doors close
  7317 | D:7      | an orc knight changed into a wind drake
  7317 | D:7      | XOM: polymorph orc knight -> wind drake
  7324 | D:7      | HP: 55/112 [wind drake (5)]
  7326 | D:7      | Reached skill level 1 in Throwing
  7549 | D:7      | XOM: scenery: 2 doors close
  7763 | D:8      | XOM: summons 2 friendly demons
  8003 | D:8      | Found a staircase to the Lair.
  8003 | D:8      | XOM: 6-stop teleportation journey
  8027 | D:8      | XOM: 2-stop teleportation journey
  8247 | D:8      | XOM is BORED!
  8288 | D:8      | XOM: divination: detect creatures
  8530 | D:8      | XOM: give mutations
  8530 | D:8      | Gained mutation: Scrolls take you a little longer to read. [Xom's mischief]
  8530 | D:8      | Gained mutation: You are clumsy. (Dex -2) [Xom's mischief]
  8581 | D:8      | Noticed a death yak
  8581 | D:8      | Noticed a death yak
  8595 | D:8      | XOM: divination: detect creatures
  8596 | D:8      | XOM: smoke on damage
  8599 | D:8      | Killed a death yak
  8599 | D:8      | Reached skill level 5 in Throwing
  8599 | D:8      | Reached XP level 11. HP: 70/119 MP: 11/11
  8719 | D:8      | Noticed a death yak
  8721 | D:8      | XOM: cleaving
  8723 | D:8      | XOM: smoke on damage
  8726 | D:8      | HP: 53/119 [death yak (26)]
  8734 | D:8      | Killed a death yak
  8737 | D:8      | HP: 48/121 [death yak (3)]
  8739 | D:8      | Killed a death yak
  8742 | D:8      | HP: 48/122 [yak (1)]
  8743 | D:8      | XOM: noise
  8747 | D:8      | HP: 36/122 [yak (7)]
  8751 | D:8      | Reached skill level 13 in Unarmed Combat
  8788 | D:8      | XOM: god gift: Young Poisoner's Handbook
  8990 | D:8      | XOM: cleaving
  8992 | D:8      | XOM: smoke on damage
  9239 | Lair:1   | Entered Level 1 of the Lair of Beasts
  9364 | Lair:1   | XOM: fog
  9369 | Lair:1   | XOM: scenery: create altars
  9369 | Lair:1   | HP: 57/122 [spriggan/dagger (8)]
  9372 | Lair:1   | XOM: cast spell 'Summon Ice Beast'
  9374 | Lair:1   | HP: 44/122 [spriggan/rapier (7)]
  9474 | Lair:1   | XOM: mild Tmut miscast
  9497 | Lair:1   | XOM: god gift: thin jewelled staff {god gift}
  9526 | Lair:1   | XOM: confuse monster(s)
  9881 | Lair:1   | XOM: divine lightning
 10141 | Lair:1   | XOM: silly message
 10292 | Lair:2   | XOM: noise
 10336 | Lair:2   | HP: 62/124 [poisoned by a black mamba]
 10341 | Lair:2   | HP: 52/124 [poisoned by a black mamba]
 10346 | Lair:2   | HP: 47/124 [poisoned by a black mamba]
 10351 | Lair:2   | HP: 44/124 [poisoned by a black mamba]
 10356 | Lair:2   | HP: 43/124 [poisoned by a black mamba]
 10361 | Lair:2   | HP: 43/124 [poisoned by a black mamba]
 10368 | Lair:2   | HP: 45/124 [poisoned by a black mamba]
 10375 | Lair:2   | HP: 48/124 [poisoned by a black mamba]
 10383 | Lair:2   | HP: 52/124 [poisoned by a black mamba]
 10530 | Lair:2   | Got a shimmering spear
 10735 | Lair:2   | Noticed Nergalle
 10747 | Lair:2   | HP: 59/124 [spectral orc warrior/scimitar[Nergalle] (5)]
 10752 | Lair:2   | HP: 45/124 [poisoned by Nergalle]
 10757 | Lair:2   | HP: 28/124 [poisoned by Nergalle]
 10761 | Lair:2   | HP: 12/124 [spectral orc knight/long sword[Nergalle] (7)]
 10762 | Lair:2   | HP: 5/124 [spectral orc knight/long sword[Nergalle] (2)]
 10764 | Lair:2   | HP: 2/124 [poisoned by Nergalle]
 10765 | Lair:2   | Succumbed to Nergalle's poison

Skill      XL: |  1  2  3  4  5  6  7  8  9 10 11 |
---------------+----------------------------------+-----
Unarmed Combat | 1 2 4 5 7 9 11 12 13 | 13.6
Fighting       | 1 2 3 4 5 6 7 8 |  8.4
Dodging        | 2 3 |  3.2
Throwing       | 5 6 |  6.6
Stealth        | |  1.0
Spellcasting   | |  1.2
Conjurations   | |  2.9

Action                   |  1- 3 |  4- 6 |  7- 9 | 10-12 || total
-------------------------+-------+-------+-------+-------++-------
Melee: Unarmed           |    66 |    82 |   387 |   376 ||   911
       Punch             |       |       |    10 |    20 ||    30
Throw: Throwing net      |       |       |     1 |       ||     1
  Use: Scroll            |       |     2 |    20 |     4 ||    26
       Potion            |       |       |       |     1 ||     1
 Stab: Sleeping          |       |     3 |     3 |     1 ||     7
       Held in net/web   |       |       |     1 |       ||     1
       Distracted        |       |       |       |     2 ||     2
       Petrifying        |       |       |       |     2 ||     2
  Eat: Chunk             |    13 |    13 |    38 |    37 ||   101
Armor: Robe              |    24 |    27 |    93 |    63 ||   207
       Skin              |       |       |       |     2 ||     2
Dodge: Dodged            |    35 |    37 |   149 |   132 ||   353

Vault maps used:
D:1:      lemuel_arrival_funnel
D:2:      first_ration, uniq_sigmund
D:3:      gammafunk_temple_overflow_statue, nicolae_ru_awakened_eye,
          uniq_grinder
D:4:      old_standard_altar
D:5:      lemuel_crystal_altar
D:6:      old_standard_altar, minmay_tree_intersection,
          hangedman_decor_slide_cut
D:7:      lemuel_castle_with_subvaults, elyvilon_altar_3,
          chequers_temple_overflow_statue_of_worship,
          minmay_temple_entry_metal_lava, nicolae_ossuary_entry_giza,
          fedhas_altar_fruit_tree
D:8:      dpeg_lair_monsters, blue_anna_alchemist
Temple:   dpeg_chambers_temple
Lair:1:   wad_woods_01, grunt_megastairs_3, lemuel_fruit_fields
Lair:2:   elwin_shoals_entry_rocks, uniq_nergalle
Ossuary:  ossuary_minmay_chase
